Jonadab, neutral male gnomish Wizard --------- |....<..+ |.......| ------------ | ------ #########......... ..$.......... ....| |>...| # |.......| | ---- |).G%o#)##CG#### -------- # -.......| |..\.| # |......-#### |.......- |..... #####|.....[| --------- |....| #.......| ------ -------- Jonadab the Thaumaturge Experience level: 6 Strength: 4 Dexterity: 14 Constitution: 14 Intelligence: 19 Wisdom: 11 Charisma: 9 Health: 0(35) Energy: 47(64) Def: 3 Gold: 892 Moves: 1418 Dungeon seed: 1sjY4O20KDrD1D0U Game ID: Jonadab_1498591129 Your Inventory: Coins $ - 892 gold pieces Weapons a - a blessed burnt +1 quarterstaff (weapon in hands) p - a cursed +0 orcish dagger B - a cursed +0 elven dagger C - an uncursed +0 elven broadsword Armor e - an uncursed +0 cloak of magic resistance (being worn) q - a cursed +0 alchemy smock N - a blessed +1 elven leather helm (being worn) Y - an uncursed +0 cloak of displacement Comestibles s - 3 uncursed candy bars t - an uncursed tin of lichen A - 3 uncursed eggs D - an uncursed tin of leprechaun meat Scrolls i - an uncursed scroll of identify Spellbooks l - a blessed spellbook of force bolt m - an uncursed spellbook of wizard lock Potions g - an uncursed potion of see invisible h - 3 uncursed potions of water Rings d - an uncursed +2 ring of adornment F - an uncursed ring of protection from shape changers (on left hand) Wands b - an uncursed wand of undead turning (0:6) Tools x - an uncursed figurine of a hobgoblin Gems n - 2 uncursed opals r - an uncursed worthless piece of blue glass y - an uncursed worthless piece of green glass z - an uncursed worthless piece of violet glass Spells and supernatural/magical abilities: Name Level Category Fail Memory a - force bolt 1 attack 0% 93% w - wizard lock 2 matter 37% 93% W - pray for help -- divine ? -- Your skills at the end: Fighting Skills Weapon Skills quarterstaff [Basic] Spellcasting Skills attack spells [Basic] enchantment spells [Basic] Final Attributes: You were piously aligned. You were magic-protected. You had infravision. You were protected from shape changers. You are dead. Vanquished creatures: a Woodland-elf a bugbear 2 Mordor orcs 3 gnome lords a kobold mummy a kitten a kobold lord a kobold shaman an iguana an acid blob a coyote a hobbit a manes a hobgoblin 2 green molds a red mold a gnome 2 geckos 3 jackals 2 kobolds 2 goblins a sewer rat 5 grid bugs 2 bats a newt 39 creatures vanquished. Voluntary challenges: You used a wielded weapon 23 times, starting on turn 70. You read items or engraved 2 times, starting on turn 846. You never genocided any monsters. You never polymorphed an object. You never changed form. You used no wishes. You never split a pudding. You never wrote Elbereth's name. You violated your moral code, losing 24 points of alignment, starting on turn 6. Dungeon overview: The Dungeons of Doom: levels 1 to 9 Level 1 a long staircase Level 2 Level 3 stairs to The Gnomish Mines Level 4 Level 5 Level 6 some fountains Level 7 an altar to Thoth Level 8 Level 9 <- You were here a throne The Gnomish Mines: Level 4 stairs to The Dungeons of Doom History has recorded: On T:1 you entered the Dungeons of Doom to retrieve the Amulet of Yendor! On T:6 you advanced to experience level 2. On T:70 you advanced to experience level 3. On T:196 you reached level 2 of The Dungeons of Doom. On T:289 you reached level 3 of The Dungeons of Doom. On T:411 you reached level 1 of The Gnomish Mines. On T:550 you advanced to experience level 4. On T:554 you reached level 4 of The Dungeons of Doom. On T:740 you reached level 5 of The Dungeons of Doom. On T:870 you reached level 6 of The Dungeons of Doom. On T:1099 you reached level 7 of The Dungeons of Doom. On T:1122 you reached level 8 of The Dungeons of Doom. On T:1195 you advanced to experience level 5. On T:1331 you reached level 9 of The Dungeons of Doom. On T:1415 you advanced to experience level 6. Score breakdown: Gold: 892 (10037 points) Experience: 6 levels (12456 points) Exploration: 9 levels ( 19.57%) (12649 points) Discoveries: 1 item ( 0.35%) ( 1770 points) Valuables value: (no points given unless you survive) Artifact value: 0 ( 0 points) Variety of kills: 25 monsters ( 6.56%) ( 7684 points) Turncount: 1418 turns ( 0 points) Survival: died (score multiplied by 80%) Total score: 35676 Latest messages: The gnome picks up 3 arrows. The spell hits the bugbear! You kill the bugbear! The spell hits the hobgoblin! You kill the hobgoblin! The gnome picks up a curved sword. The mountain centaur picks up a bow. The mountain centaur picks up 283 gold pieces. You hit the gnome. You kill the gnome! The spell hits the kobold lord! You kill the kobold lord! The spell misses the mountain centaur. The spell hits the gnome lord! You kill the gnome lord! Welcome to experience level 6. The hobgoblin picks up 3 daggers. You miss the mountain centaur. The mountain centaur hits! The mountain centaur kicks! (2x) The mountain centaur hits! The mountain centaur kicks! (2x) You die... Final status: Goodbye Jonadab the Wizard, killed by a mountain centaur... You died in The Dungeons of Doom on dungeon level 9 with 35676 points, and 892 pieces of gold, after 1418 moves. You were level 6 with a maximum of 35 hit points when you died.